 Dungeon Crawl Stone Soup version 0.31-a0-965-g8a8ce12e04 (webtiles) character file.

Game seed: 2165285840802220412

2 tsujin the Ruffian (level 1, 0/15 HPs)
             Began as a Demonspawn Shapeshifter on Oct 26, 2023.
             Slain by a jackal (2 damage)
             ... on level 1 of the Dungeon.
             The game lasted 00:00:12 (30 turns).

tsujin the Ruffian (Demonspawn Shapeshifter)          Turns: 30, Time: 00:00:13

Health: 0/15       AC:  2    Str: 14    XL:     1   Next: 33%
Magic:  1/1        EV: 12    Int: 11    God:
Gold:   8          SH:  0    Dex: 12    Spells: 0/0 levels left

rFire   . .          .
                       - Unarmed
rCold   . . .        (no shield)
rNeg    . . .        a - +0 animal skin
rPois   .            (helmet currently unavailable)
rElec   .            (cloak currently unavailable)
rCorr   .            (gloves currently unavailable)
SInv    .            (boots currently unavailable)
Will    .....        (no amulet)
Stlth   +            (no ring)
HPRegen 0.22/turn    (no ring)
MPRegen 0.07/turn

%: no passive effects
@: beast-form
A: beast (slay +1)
a: Begin Untransformation


You were on level 1 of the Dungeon.
You were a hulking beast.
You visited 1 branch of the dungeon, and saw 1 of its levels.

You collected 8 gold pieces.

Inventory:

Armour
 a - a +0 animal skin (worn)
Talismans
 c - a beast talisman
 d - a flux talisman
Scrolls
 e - a scroll of amnesia {unknown}
Potions
 b - a potion of lignification
 f - a potion of heal wounds {unknown}


   Skills:
 - Level 1.0 Fighting
 - Level 1.7 Dodging
 + Level 2.9 Unarmed Combat
 - Level 2.6 Shapeshifting


You couldn't memorise any spells.
You didn't know any spells.
Your spell library was empty.

Dungeon Overview and Level Annotations

Branches:
Dungeon (1/15)

Altars:


Message History

The jackal bites you.
You take 2 damage, and have 11/15 hp.
You hit the jackal.
The jackal is heavily wounded.
The bat closely misses you.
The jackal splashes around in the water.
The jackal barely misses you. The jackal bites you.
The jackal splashes around in the water.
You take 1 damage, and have 10/15 hp.
You are too injured to fight recklessly!
You are too injured to fight recklessly!
You are too injured to fight recklessly!
You are too injured to fight recklessly!
The bat hits you but does no damage. The jackal attacks as it pursues you!
The jackal barely misses you. x2; The jackal bites you. x2
The jackal splashes around in the water.
The jackal bites you.
* * * LOW HITPOINT WARNING * * *
You take 6 damage, and have 4/15 hp.
MASSIVE DAMAGE!!
The bat hits you but does no damage. The jackal attacks as it pursues you!
The jackal bites you but does no damage.
The jackal attacks as it pursues you! The jackal bites you.
* * * LOW HITPOINT WARNING * * *
The jackal closely misses you.
You take 1 damage, and have 4/15 hp.
The bat closely misses you. The jackal attacks as it pursues you!
The jackal bites you.
* * * LOW HITPOINT WARNING * * *
The jackal bites you.
* * * LOW HITPOINT WARNING * * *
The jackal barely misses you.
You take 2 damage, and have 2/15 hp.
You are too injured to fight recklessly!
You are too injured to fight recklessly!
You are too injured to fight recklessly!
You punch the jackal!
You kill the jackal!
The bat misses you. The jackal closely misses you. x2
You closely miss the bat. The bat misses you. The jackal bites you.
You die...

#. #....#
#..#.#..#
#..#....# ..
#.....†.## ...
#####~~.~~####.#
#≈≈≈~~...~~≈≈≈#
#≈≈~≈...bg≈~≈≈#
#≈~~...hh†.~~≈#
#≈~.....h...~~#
#~....~~~....≈#
#....~...~....#
#....~.<.~....#
#....~...~....#
#~....~~~....~#
#~~.........~~#
#≈≈≈.......~≈≈#
#≈≈~~.....~~≈≈#


You could see 2 jackals, a goblin and a bat.

Vanquished Creatures
  2 jackals (D:1)
2 creatures vanquished.

Notes
Turn   | Place    | Note
-------+----------+-------------------------------------------
     0 | D:1      | tsujin the Demonspawn Shapeshifter began the quest for the
                  | Orb.
     0 | D:1      | Reached XP level 1. HP: 15/15 MP: 1/1
    30 | D:1      | Slain by a jackal

Illustrated notes

Levels and vault maps discovered:
D:1:      enne_arrival_octagon_isle, layout_rooms, roderic_serpentine_path

Action                     || total
---------------------------++-------
  Melee: Unarmed           ||     9
         Punch             ||     1
 Armour: Animal skin       ||    17
  Dodge: Dodged            ||    22

Table legend: (Time is in decaauts)
 A = Elapsed time spent in this place.
 B = Non-inter-level travel time spent in this place.
 C = Inter-level travel time spent in this place.
 D = Time resting spent in this place.
 E = Time spent auto-exploring this place.
 F = Levels seen in this place.
 G = Mean time per level.
                   A        B        C        D        E       F      G
               +--------+--------+--------+--------+--------+-----+--------+
         Total |     30 |     30 |      0 |      0 |     13 |   1 |   30.0 |
       Dungeon |     30 |     30 |      0 |      0 |     13 |   1 |   30.0 |
               +--------+--------+--------+--------+--------+-----+--------+

Top non-repeatable levels by time:
     D:1: 30 daAuts
